 Dungeon Crawl Stone Soup version 0.14-a0-2848-g1d0399b (webtiles) character file.

7 Froboctopus the Scratcher (level 1, -3/9 HPs)
             Began as a Felid Transmuter on Feb 27, 2014.
             Slain by a hobgoblin
             ... wielding a +0,+0 club
              (7 damage)
             ... on Level 1 of the Dungeon.
             The game lasted 00:01:35 (682 turns).

Froboctopus the Scratcher (Felid Transmuter)         Turns: 682, Time: 00:01:37

HP  -3/9         AC  1     Str  6      XL: 1   Next: 83%
MP   3/4         EV 18     Int 14      God:
Gold 0           SH  0     Dex 16      Spells:  1 memorised,  3 levels left
Lives: 0, deaths: 0

rFire  . . .     SeeInvis +       - Unarmed
rCold  . . .     Clarity  .     (armour unavailable)
rNeg   . . .     Conserve +     (shield unavailable)
rPois  .         rCorr    .     (helmet unavailable)
rElec  .         rRot     .     (cloak unavailable)
SustAb . .       Spirit   .     (gloves unavailable)
rMut   .         Warding  .     (boots unavailable)
Saprov . . .     Stasis   .     c - amulet of conservation {unknown}
MR     .....                    (no ring)
                                (no ring)

@: appendage, quick, not resistant to hostile enchantments, fairly stealthy
A: paw claws, no armour, no weapons or thrown items, fangs 3, horns 2, see
invisible, carnivore 3, speed 1, shaggy fur 1, slow metabolism 1, jump 1
a: Jump Attack, End Transformation


You were on level 1 of the Dungeon.
You were not hungry.
You had grown temporary horns.
You visited 1 branch of the dungeon, and saw 1 of its levels.

Inventory:

Missiles
 b - 12 arrows
Comestibles
 a - a meat ration
 h - a chunk of giant newt flesh
Scrolls
 e - a scroll of curse jewellery {unknown}
 g - a scroll of remove curse {unknown}
Jewellery
 c - an amulet of conservation (around neck) {unknown}
Potions
 f - 2 potions of curing {unknown}
Books
 d - a book of Changes

   Spells                             Type                      Level
   *Beastly Appendage                 Transmutation                1
   Sticks to Snakes                   Transmutation                2
   Spider Form                        Transmutation/Poison         3
   Ice Form                           Ice/Transmutation            4
   Blade Hands                        Transmutation                5


   Skills:
 + Level 1.1 Fighting
 - Level 2.6 Dodging
 + Level 3.0 Unarmed Combat
 * Level 2.3 Spellcasting
 * Level 2.3 Transmutations


You had 3 spell levels left.
You knew the following spells:

 Your Spells              Type           Power        Failure   Level  Hunger
a - Beastly Appendage     Trmt           #.....       12%         1    #......


Dungeon Overview and Level Annotations

Branches:
Dungeon (1/16)

Altars:


Innate Abilities, Weirdness & Mutations

You cannot wear armour.
You are incapable of wielding weapons or throwing items.
Your paws have sharp claws.
You have razor-sharp teeth.
You have supernaturally acute eyesight.
You are carnivorous and can eat meat at any time.
You cover ground quickly.
You are covered in fur (AC +1).
You have a slow metabolism.
You can jump attack at a short distance.
You have a pair of horns on your head.


Message History

You are too injured to fight recklessly!
You are too injured to fight recklessly!
You are too injured to fight recklessly!
You aren't carrying any items that can be evoked.
Unknown command.
Your transformation is almost over.
Your horns disappear.
You see here a giant newt corpse.
You start butchering the giant newt corpse.
You continue butchering the corpse.
You finish butchering the giant newt corpse.
h - a chunk of giant newt flesh You start resting.
A hobgoblin is nearby!
You start resting.
Casting: Beastly Appendage
Confirm with . or Enter, or press ? or * to list all spells.
You grow a pair of large bovine horns.
The hobgoblin hits you with a club!
Ouch! That really hurt!
You die...

#....###....#
#...###.....#
#..#..#.....#
#.#....#....#
#.#.....##..#
#...........###
##.#.##.......#
#.###.........#
##@#.##.......#
##g###.......#
#####%......#
##.........#
#####..........#####
#........####....g..
#.##....#####...####
#.##.....##.....#
#.##.....##....g####


You could see a hobgoblin.

Vanquished Creatures
  An ooze (D:1)
  A bat (D:1)
  3 kobolds (D:1)
  A giant newt (D:1)
6 creatures vanquished.

Notes
Turn   | Place    | Note
--------------------------------------------------------------
     0 | D:1      | Froboctopus, the Felid Transmuter, began the quest for the Orb.
     0 | D:1      | Reached XP level 1. HP: 9/9 MP: 4/4
   682 | D:1      | Slain by a hobgoblin

Action                   || total
-------------------------++-------
Melee: Unarmed           ||    17
 Cast: Beastly Appendage ||     5
 Abil: Jump Attack       ||     2
